 Dungeon Crawl Stone Soup version 0.30.0 (webtiles) character file.

Game seed: 14177413803573925293

2808454 chorocmaeul the Hoplite (level 27, 209/209 HPs)
             Began as a Formicid Fighter on Nov 13, 2023.
             Was an Elder of Okawaru.
             Escaped with the Orb
             ... and 4 runes!
             The game lasted 03:21:47 (52271 turns).

chorocmaeul the Hoplite (Formicid Fighter)         Turns: 52271, Time: 03:21:48

Health: 209/209    AC: 51    Str: 32 (33) XL:     27
Magic:  38/38      EV: 12    Int:  7 (10) God:    Okawaru [****..]
Gold:   4039       SH: 33    Dex: 15      Spells: 26/26 levels left

rFire   + + +        k - +9 executioner's axe (vamp)
rCold   + . .        l - +8 tower shield {AC+3}
rNeg    + + .        H - +17 plate armour of Istecs {rF- Will++}
rPois   +            (helmet unavailable)
rElec   +            Q - +2 cloak {Will+}
rCorr   +            P - +0 pair of gloves "Vuulyut" {rC+ Regen+ Dex+4}
SInv    +            x - +1 pair of boots of Repulsion {rPois Regen+ rCorr}
Will    +++++        i - amulet of Vofecolu {rElec rF++ Regen+} Stlth
                     R - ring of positive energy
HPRegen 2.94/turn    U - ring of Ascent {rPois rF++ rN+}
MPRegen 0.26/turn

%: no passive effects
@: heroic, studying Ranged Weapons
A: permanent stasis, dig shafts and tunnels, antennae 3, four strong arms,
clumsy 1, deterioration 1, frail 1
0: Orb of Zot
}: 4/15 runes: decaying, slimy, silver, gossamer
a: Dig, Shaft Self, Renounce Religion, Heroism, Finesse


You escaped.
You worshipped Okawaru.
Okawaru was greatly pleased with you.
You visited 11 branches of the dungeon, and saw 53 of its levels.
You visited 1 bazaar.
You also visited: Sewer and Desolation.

You collected 7123 gold pieces.
You spent 3084 gold pieces at shops.

Inventory:

Hand Weapons
 k - a +9 vampiric executioner's axe (weapon)
 o - a +8 triple crossbow of freezing
Armour
 l - a +8 tower shield of protection (worn)
 x - the +1 pair of boots of Repulsion (worn) {rPois Regen+ rCorr}
   (Okawaru gifted it to you on level 5 of the Pits of Slime)

   rPois:     It protects you from poison.
   Regen:     It increases your rate of health regeneration.
   rCorr:     It protects you from acid and corrosion.
 H - the +17 plate armour of Istecs (worn) {rF- Will++}
   (Okawaru gifted it to you on level 2 of the Depths)

   rF:        It makes you vulnerable to fire.
   Will:      It greatly increases your willpower.
 P - the +0 pair of gloves "Vuulyut" (worn) {rC+ Regen+ Dex+4}
   (Okawaru gifted it to you on level 12 of the Dungeon)

   Dex:       It affects your dexterity (+4).
   rC:        It protects you from cold.
   Regen:     It increases your rate of health regeneration.
 Q - a +2 cloak of willpower (worn)
Jewellery
 i - the amulet of Vofecolu (around neck) {rElec rF++ Regen+}
   (You acquired it on level 8 of the Dungeon)

   [amulet of regeneration]

   rF:        It greatly protects you from fire.
   rElec:     It insulates you from electricity.
   Regen:     It increases your rate of health regeneration.
 R - a ring of positive energy (left hand)
 U - the ring of Ascent (right hand) {rPois rF++ rN+}
   (You found it in the Desolation of Salt)

   [ring of poison resistance]

   rF:        It greatly protects you from fire.
   rPois:     It protects you from poison.
   rN:        It protects you from negative energy.
Wands
 s - a wand of iceblast (80)
 v - a wand of quicksilver (38)
 M - a wand of digging (17)
Scrolls
 a - 7 scrolls of silence
 b - 14 scrolls of fog
 c - 3 scrolls of torment
 d - 15 scrolls of vulnerability
 h - 6 scrolls of fear
 j - 12 scrolls of immolation
 n - 5 scrolls of amnesia
 y - 4 scrolls of enchant armour
 C - 11 scrolls of noise
 D - 7 scrolls of poison
 I - 27 scrolls of identify
Potions
 e - 13 potions of flight
 f - 5 potions of cancellation
 g - 6 potions of attraction
 m - 2 potions of invisibility
 q - 10 potions of brilliance
 r - 22 potions of curing
 u - 7 potions of heal wounds
 w - 4 potions of might
 z - 4 potions of resistance
 G - 9 potions of ambrosia
 N - 12 potions of mutation
 O - 4 potions of magic


   Skills:
 + Level 22.4(27) Fighting
 - Level 10.7(15.7) Long Blades
 + Level 21.9(26.9) Axes
 + Level 20.4(25.4) Ranged Weapons
 + Level 22.4(27) Armour
 + Level 26.1(27) Shields
 - Level 22.6 Invocations
 - Level 3.4 Evocations


You had 26 spell levels left.
You didn't know any spells.
Your spell library contained the following spells:

 Spells                   Type           Power      Damage    Failure   Level
 Apportation              Tloc           0%         N/A       77%         1
 Shock                    Conj/Air       0%         1d3       77%         1
 Cigotuvi's Dreadful Rot  Necr/Pois/Air  0%         N/A       88%         2
 Ensorcelled Hibernation  Hex/Ice        0%         N/A       88%         2
 Lesser Beckoning         Tloc           0%         N/A       88%         2
 Momentum Strike          Conj/Tloc      0%         3d8       88%         2
 Poisonous Vapours        Pois/Air       0%         N/A       88%         2
 Sublimation of Blood     Necr           0%         N/A       88%         2
 Confusing Touch          Hex            0%         N/A       98%         3
 Dazzling Flash           Conj/Hex       0%         N/A       98%         3
 Hailstorm                Conj/Ice       0%         3d3       98%         3
 Ignite Poison            Fire/Tmut/Pois 0%         N/A       98%         3
 Mephitic Cloud           Conj/Pois/Air  0%         N/A       98%         3
 Spider Form              Tmut/Pois      0%         N/A       98%         3
 Vampiric Draining        Necr           0%         2d6       98%         3
 Airstrike                Air            0%         2d(0-16)  100%        4
 Anguish                  Hex/Necr       0%         N/A       100%        4
 Cause Fear               Hex            0%         N/A       100%        4
 Dispel Undead            Necr           0%         3d6       100%        4
 Fulminant Prism          Conj/Hex       0%         3d5       100%        4
 Ice Form                 Ice/Tmut       0%         N/A       100%        4
 Leda's Liquefaction      Hex/Erth       0%         N/A       100%        4
 Manifold Assault         Tloc           0%         N/A       100%        4
 Petrify                  Tmut/Erth      0%         N/A       100%        4
 Agony                    Necr           0%         N/A       100%        5
 Alistair's Intoxication  Tmut/Pois      0%         N/A       100%        5
 Arcjolt                  Conj/Air       0%         1d10      100%        5
 Borgnjor's Vile Clutch   Necr/Erth      0%         N/A       100%        5
 Freezing Cloud           Conj/Ice/Air   0%         6-21      100%        5
 Irradiate                Conj/Tmut      0%         3d11      100%        5
 Iskenderun's Battlesphe  Conj           0%         2d6       100%        5
 Lee's Rapid Deconstruct  Erth           0%         3d4*      100%        5
 Silence                  Hex/Air        0%         N/A       100%        5
 Conjure Ball Lightning   Conj/Air       0%         3x3d6     100%        6
 Eringya's Noxious Bog    Tmut/Pois      0%         N/A       100%        6
 Iron Shot                Conj/Erth      0%         9d1       100%        6
 Plasma Beam              Fire/Air       0%         2x1d11    100%        6
 Statue Form              Tmut/Erth      0%         N/A       100%        6
 Dragon Form              Tmut           0%         N/A       100%        7
 Enfeeble                 Hex            0%         N/A       100%        7
 Storm Form               Tmut/Air       0%         N/A       100%        7
 Discord                  Hex            0%         N/A       100%        8
 Disjunction              Tloc           0%         N/A       100%        8
 Maxwell's Capacitive Co  Air            0%         ∞         100%        8
 Chain Lightning          Conj/Air       0%         N/A       100%        9
 Fire Storm               Conj/Fire      0%         5d1       100%        9
 Shatter                  Erth           0%         3d5*      100%        9
 Blink                    Tloc           Unusable   N/A       N/A         2
 Summon Guardian Golem    Hex/Summ       Unusable   N/A       N/A         3
 Swiftness                Air            Unusable   N/A       N/A         3
 Vhi's Electric Charge    Tloc/Air       Unusable   N/A       N/A         3
 Animate Dead             Necr           Unusable   N/A       N/A         4
 Summon Ice Beast         Ice/Summ       Unusable   N/A       N/A         4
 Summon Lightning Spire   Summ/Air       Unusable   N/A       N/A         4
 Summon Forest            Summ/Tloc      Unusable   N/A       N/A         5
 Death Channel            Necr           Unusable   N/A       N/A         6
 Simulacrum               Ice/Necr       Unusable   N/A       N/A         6
 Spellforged Servitor     Conj/Summ      Unusable   N/A       N/A         7
 Dragon's Call            Summ           Unusable   N/A       N/A         9

Dungeon Overview and Level Annotations

Branches:
Dungeon (15/15)            Temple (1/1) D:4            Lair (5/5) D:10
  Swamp (4/4) Lair:3       Spider (4/4) Lair:2        Slime (5/5) Lair:5
    Orc (2/2) D:12            Elf (3/3) Orc:2        Vaults (5/5) D:14
  Crypt (0/3) Vaults:2     Depths (4/4) D:15            Zot (5/5) Depths:4
  Sewer (visited)         Desolation (visited)

Altars:
Ashenzari
Cheibriados
Dithmenos
Elyvilon
Fedhas
Gozag
Hepliaklqana
Kikubaaqudgha
Makhleb
Nemelex Xobeh
Okawaru
Qazlal
Ru
Sif Muna
Trog
Uskayaw
Vehumet
Wu Jian
Xom
Yredelemnul
Zin
The Shining One
Jiyva
Lugonu

Shops:
D:3 [   D:9 **   Orc:1 *   Orc:2 [?:*   Elf:1 ?   Vaults:1 (   Vaults:3 [
Vaults:4 =   Depths:3 *?   Depths:4 ?[:[[

Portals:
Hell: Depths:1 Depths:2 Depths:3 Depths:4
Abyss: Depths:1 Depths:3
Pandemonium: Depths:1 Depths:2
Ziggurat: Depths:1

Annotations:
D:8 3 runed translucent doors, Caliliti's ghost, novice DEFE
D:9 3 runed translucent doors, gggh's ghost, novice SpEn
Lair:5 3 runed translucent doors, LeafLetters's ghost, journeyman DrCj
Swamp:2 2 runed translucent doors, Veun's ghost, adept DsGl
Swamp:4 Lernaean hydra
Depths:1 1 runed translucent door


Innate Abilities, Weirdness & Mutations

You cannot be hasted, slowed, berserked, paralysed or teleported.
You can dig through walls and to a lower floor.
You have a pair of large antennae on your head. (SInv)
Your four strong arms can wield two-handed weapons with a shield.
You are clumsy. (Dex -2)
Your body sometimes deteriorates upon taking damage.
You are frail. (-10% HP)


Message History

The angel hits you with a +2 whip of holy wrath.
The angel attacks as you move away! The angel hits you but does no damage.
You block the angel's attack.
The seraph shouts a warning to its allies!
You block the angel's attack. x2
An Ice Fiend comes into view.
The seraph shouts a warning to its allies!
You block the angel's attack. x2
You hear a shout!
There is a stone staircase leading up here.
You block the angel's attack. x2
The seraph gestures.
The seraph begins to accept its allies' injuries.
The angel hits you but does no damage. You block the angel's attack.
The daeva calls down the wrath of the Shining One upon you.
The Shining One smites you! The Ice Fiend gestures at you.
The bolt of cold hits you. You resist.
You climb upwards.
There is a stone staircase leading down here.
The Ice Fiend attacks as you move away! You block the Ice Fiend's attack. x2
The Ice Fiend gestures at you. The bolt of cold misses you.
There is an open door here.
The Ice Fiend gestures at you. The bolt of cold hits you! You resist.
The Ice Fiend calls on the powers of darkness!
Your body is wracked with pain!
You feel more confident with your borrowed prowess.
The Ice Fiend gestures at you. The bolt of cold misses you.
The Ice Fiend gestures at you. The bolt of cold hits you. You resist.
The Ice Fiend calls on the powers of darkness!
Your body is wracked with pain!
There is a stone staircase leading up here.
You climb upwards.
There is a stone staircase leading down here.
There is a staircase leading out of the dungeon here.
You have escaped!

.........######.#######..######
...........##.###.#...#.##
........##.#..#...#.#...#
#.......#..#.##.###.#####
#####.#.#.##.#....#....##
#.#.#......#..#.##..#
#...########..#..####
##..#..#...#.###...#
######..##.#....@....#.##
#........#...###.#...#..#
#.#####.####..#..########
........#..##.#..#......#
#.#####.##....#....#.##.#
#.....#.#####.###.##.#..#
#.......#...#.#...#..#.####
#.#.....#.#...#.###.##....#
#.####....##############..#


There were no monsters in sight!

Vanquished Creatures
  the Royal Jelly (Slime:5)
  Dissolution (Slime:5)
  5 ancient liches (Zot:5)
  3 dread liches
  3 orbs of fire (Zot:5)
  Mara (Spider:4)
  A juggernaut (Depths:3)
  4 Killer Klowns (Zot:5)
  Parghit (Depths:3)
  Vv (Depths:2)
  2 curse toes (Zot:5)
  A caustic shrike (Depths:3)
  Nikola (Vaults:1)
  6 golden dragons
  Jory (Depths:3)
  2 bone dragons (Depths:4)
  the Enchantress (Depths:3)
  An electric golem (Zot:5)
  2 Brimstone Fiends
  Rupert (D:14)
  11 tentacled monstrosities
  5 liches
  A Hell Sentinel (Zot:1)
  26 Orb Guardians
  The ghost of Moagi the Pandemonic, an adept GnSk of Makhleb (Vaults:4)
  2 deep elf master archers (Elf:3)
  3 deep elf blademasters
  9 quicksilver dragons
  Asterion (Vaults:1)
  8 titans
  6 death cobs
  An Executioner (D:9)
  7 sphinxes
  16 acid blobs
  7 tengu reavers
  5 thorn hunters
  5 storm dragons
  A storm dragon (shapeshifter) (Vaults:5)
  10 shadow dragons
  9 fire giants
  8 azure jellies
  11 rockslimes
  4 deep elf sorcerers
  3 emperor scorpions
  8 frost giants
  23 vault wardens
  A juggernaut zombie (Depths:2)
  3 imperial myrmidons (Desolation)
  3 draconian scorchers
  7 ghost moths
  2 iron dragons
  3 draconian shifters
  3 orc warlords
  A reaper (Depths:2)
  3 draconian annihilators (Zot:5)
  4 draconian stormcallers
  4 deep elf elementalists (Elf:3)
  34 very ugly things
  A cacodemon (Zot:1)
  3 broodmothers
  5 war gargoyles
  3 spriggan defenders (Depths:3)
  5 ironbound thunderhulks
  19 ironbound preservers
  14 quicksilver oozes
  6 green draconians
  17 stone giants
  4 eleionomae
  2 vampire knights
  6 deep elf demonologists
  6 deep elf annihilators (Elf:3)
  8 yellow draconians
  6 white draconians
  12 spark wasps
  13 black draconians
  6 purple draconians
  13 dire elephants
  6 red draconians
  3 bunyips
  Snorg (D:10)
  5 deep elf death magi
  2 blizzard demons
  4 deep elf high priests
  4 crystal guardians
  Josephine (D:15)
  A merfolk impaler (D:12)
  3 merfolk javelineers
  12 ettins
  8 fire dragons
  16 yaktaur captains
  5 shambling mangroves
  A fire dragon (shapeshifter) (Vaults:5)
  A quicksilver dragon zombie (Depths:2)
  38 vault guards
  7 ice dragons
  11 ragged hierophants (Desolation)
  10 entropy weavers
  13 great orbs of eyes
  4 rakshasas
  10 hydras
  14 servants of whispers
  3 jorogumos
  A spriggan air mage (Depths:3)
  8 ironbound frosthearts
  2 ghost crabs (Swamp:3)
  A death knight (D:14)
  An ogre mage (Vaults:5)
  A radroach (Spider:1)
  7 boulder beetles
  13 peacekeepers
  8 death yaks
  11 two-headed ogres
  5 alligators
  2 catoblepae
  A two-headed ogre (shapeshifter) (Elf:2)
  7 centaur warriors
  25 dancing weapons
  6 tengu warriors
  7 deep troll shamans
  An orc high priest (Orc:1)
  8 deep troll earth magi
  3 spriggan berserkers
  A vampire mage (Depths:2)
  20 deep elf knights
  A hell knight (Depths:4)
  Nergalle (D:10)
  2 sixfirhies (Zot:1)
  A soul eater (Depths:1)
  A titan skeleton (Vaults:2)
  An iron troll (shapeshifter) (Vaults:5)
  7 iron trolls
  8 skeletal warriors
  Amaemon (D:8)
  2 goliath frogs
  A salamander mystic (Depths:1)
  2 skysharks
  24 orb spiders
  2 pharaoh ants
  A spriggan druid (Swamp:1)
  4 glowing orange brains
  The ghost of Eeriemist the Nimble, a novice FeSu of Gozag (D:12)
  62 deep trolls
  A spriggan rider (Depths:1)
  5 swamp dragons
  16 deep elf archers
  A swamp dragon (shapeshifter) (Vaults:5)
  4 wizards
  3 bog bodies
  2 flayed ghosts
  5 harpies (Vaults:3)
  6 phantasmal warriors
  2 large abominations (D:9)
  6 steelbarb worms
  26 ironbound convokers
  11 lindwurms
  13 orc knights
  32 deep elf pyromancers
  2 oklob plants (Swamp:3)
  61 ugly things
  3 will-o-the-wisps (Swamp:3)
  21 wolf spiders
  4 necromancers
  A fire giant zombie (Depths:1)
  A tengu skeleton (Depths:2)
  2 shining eyes (Slime:1)
  A frost giant zombie (Vaults:4)
  33 deep elf zephyrmancers
  10 cyclopes
  4 orc sorcerers
  2 stone giant skeletons
  A manticore (shapeshifter) (Elf:3)
  A stone giant zombie (Vaults:4)
  16 moths of wrath
  A moth of wrath (shapeshifter) (Vaults:5)
  3 salamanders (Depths:1)
  A manticore (D:12)
  A toenail golem (D:9)
  A sphinx skeleton (Depths:2)
  An eye of devastation (shapeshifter) (Depths:3)
  7 guardian serpents
  A titan simulacrum (Vaults:4)
  11 black mambas
  2 fire giant skeletons
  2 frost giant skeletons
  An orange demon (D:8)
  24 vault sentinels
  A guardian serpent (shapeshifter) (Vaults:5)
  7 demonic crawlers
  A molten gargoyle (Desolation)
  An unseen horror (D:13)
  3 gargoyles
  4 eyes of devastation
  8 torpor snails
  A torpor snail (shapeshifter) (Depths:3)
  Maggie (D:8)
  2 freezing wraiths (Vaults:5)
  3 rime drakes
  A hellion (D:15)
  16 cane toads
  A yaktaur (shapeshifter) (Elf:2)
  44 yaktaurs
  6 kobold demonologists
  5 tengu conjurers
  2 elf skeletons (Vaults:2)
  2 ice devils
  2 tormentors
  9 komodo dragons
  3 red devils
  7 hellwings
  2 trolls
  6 meliai
  A polar bear (shapeshifter) (Vaults:5)
  27 hornets
  11 polar bears (Lair:5)
  A tarantella (shapeshifter) (Vaults:5)
  15 blink frogs
  90 saltlings
  31 tarantellas
  7 dream sheep (Lair:3)
  14 tyrant leeches
  Prince Ribbit (D:7)
  A human simulacrum (Vaults:4)
  38 jumping spiders
  A stone giant simulacrum (Depths:2)
  4 air elementals
  10 wyverns
  16 spriggans
  26 culicivoras
  54 slime creatures
  2 shadows
  6 wraiths
  16 water elementals
  A ynoxinul (Depths:2)
  52 yaks
  2 ettin skeletons (Vaults:4)
  2 vampires
  3 basilisks
  A chaos spawn (Depths:1)
  6 fire elementals
  A hog (shapeshifter) (D:15)
  A steam dragon (Lair:1)
  A neqoxec (Depths:1)
  6 golden eyes (Slime:1)
  19 vampire mosquitoes
  61 redbacks
  Menkaure (D:4)
  A yaktaur simulacrum (Vaults:4)
  A swamp worm (shapeshifter) (D:15)
  20 wargs
  14 swamp worms
  Duvessa (D:5)
  23 water moccasins
  An acid dragon (D:11)
  17 hell hounds (Lair:5)
  2 ogre skeletons
  3 sky beasts
  A floating eye (Depths:2)
  4 swamp drakes
  2 ice beasts
  45 orc warriors
  13 black bears
  An ettin simulacrum (Vaults:1)
  27 wolves
  6 boggarts
  4 ogres
  24 centaurs
  2 phantoms (D:7)
  3 kobold brigands
  16 bullfrogs
  8 scorpions
  10 gnoll sergeants
  7 human skeletons (Vaults:2)
  4 wights
  Dowan (D:5)
  7 killer bees
  8 howler monkeys
  An electric eel (Lair:2)
  A crimson imp (D:5)
  A lava snake (Lair:5)
  4 jellies
  6 gnoll boudas
  21 orc priests
  3 hounds
  An iguana (D:6)
  20 orc wizards
  11 hell rats
  17 gnolls
  5 adders
  6 river rats (Lair:2)
  3 white imps
  A worm (D:2)
  A dart slug (D:2)
  91 orcs
  3 bats
  6 endoplasms
  13 giant cockroaches
  7 goblins
  5 hobgoblins
  2 quokkas
  9 ball pythons
  12 frilled lizards
  10 kobolds
  8 rats
  2 spectral weapons
2456 creatures vanquished.

Vanquished Creatures (others)
  A tengu reaver (Vaults:5)
  A shadow dragon (Vaults:5)
  An ironbound preserver (Vaults:5)
  2 vault guards (Vaults:1)
  2 deep elf knights
  A pharaoh ant (Spider:4)
  An orb spider (Spider:4)
  A deep elf pyromancer (Elf:2)
  A wolf spider (Spider:4)
  An ugly thing (D:14)
  3 bloated husks
  A tarantella (Spider:4)
  A culicivora (Spider:3)
  An air elemental (Elf:1)
  A wyvern (shapeshifter) (Vaults:5)
  2 water elementals (Elf:2)
  A steam dragon (D:8)
  2 redbacks
  2 boggarts
  An orc wizard (D:6)
  An orc (Vaults:5)
  2 briar patches (Swamp:1)
  10 foxfires
  34 fungi
  96 plants
  3 withered plants (Desolation)
173 creatures vanquished.

Grand Total: 2629 creatures vanquished

Notes
Turn   | Place    | Note
-------+----------+-------------------------------------------
     0 | D:1      | chorocmaeul the Formicid Fighter began the quest for the
                  | Orb.
     0 | D:1      | Reached XP level 1. HP: 18/18 MP: 1/1
   162 | D:1      | Reached XP level 2. HP: 13/24 MP: 2/2
   952 | D:2      | Reached XP level 3. HP: 29/29 MP: 3/3
  1739 | D:3      | Reached XP level 4. HP: 32/35 MP: 4/4
  2184 | D:3      | Reached XP level 5. HP: 17/41 MP: 5/5
  2185 | D:3      | Reached skill level 5 in Axes
  2306 | D:3      | Found a blossoming altar of Fedhas.
  2453 | D:3      | Found Dusyugav's Armour Emporium.
  2599 | D:4      | Noticed a black bear
  2609 | D:4      | Killed a black bear
  2610 | D:4      | Reached XP level 6. HP: 17/47 MP: 6/6
  3050 | D:4      | Found a staircase to the Ecumenical Temple.
  3059 | Temple   | Entered the Ecumenical Temple
  3171 | Temple   | Became a worshipper of Warmaster Okawaru
  3449 | D:4      | Noticed Menkaure
  3460 | D:4      | Killed Menkaure
  3461 | D:4      | Reached skill level 1 in Invocations
  3461 | D:4      | Reached XP level 7. HP: 19/52 MP: 7/7
  3916 | D:5      | Entered Level 5 of the Dungeon
  3924 | D:5      | Found a radiant altar of Vehumet.
  3925 | D:5      | Found a burning altar of Makhleb.
  4060 | D:5      | Noticed Dowan
  4060 | D:5      | Noticed Duvessa
  4066 | D:5      | Killed Dowan
  4074 | D:5      | Killed Duvessa
  4074 | D:5      | Reached * piety under Okawaru
  4192 | D:5      | Reached XP level 8. HP: 42/60 MP: 9/9
  4302 | D:5      | Found a glowing drain.
  4306 | Sewer    | Entered a sewer
  4334 | Sewer    | Reached skill level 5 in Shields
  5337 | D:5      | Reached ** piety under Okawaru
  5426 | D:6      | Reached skill level 6 in Shields
  5426 | D:6      | Reached XP level 9. HP: 48/67 MP: 11/11
  5516 | D:6      | Reached skill level 5 in Fighting
  5516 | D:6      | Reached skill level 5 in Armour
  6742 | D:7      | Reached skill level 7 in Shields
  6821 | D:7      | Reached skill level 5 in Invocations
  6826 | D:7      | Reached *** piety under Okawaru
  7384 | D:7      | Identified the +2 helmet of Tender Moments {rElec Int+4}
  7592 | D:7      | Noticed Prince Ribbit
  7602 | D:7      | Killed Prince Ribbit
  7603 | D:7      | Reached XP level 10. HP: 53/76 MP: 11/14
  7850 | D:8      | Noticed Amaemon
  7861 | D:8      | Noticed an orange demon
  7865 | D:8      | Killed Amaemon
  7869 | D:8      | Killed an orange demon
  7869 | D:8      | Reached **** piety under Okawaru
  7870 | D:8      | Reached skill level 10 in Axes
  7870 | D:8      | Reached skill level 8 in Shields
  8390 | D:8      | Noticed Maggie
  8406 | D:8      | Killed Maggie
  8571 | D:8      | Found a hide-covered altar of Uskayaw.
  8728 | D:8      | Noticed a white ugly thing
  8741 | D:8      | Killed a white ugly thing
  8822 | D:8      | Noticed a deep elf pyromancer
  8829 | D:8      | Killed a deep elf pyromancer
  9084 | D:8      | Noticed an ice devil
  9090 | D:8      | Noticed a gargoyle
  9092 | D:8      | Killed an ice devil
  9093 | D:8      | Reached XP level 11. HP: 64/84 MP: 13/16
  9251 | D:8      | Reached skill level 9 in Shields
  9507 | D:8      | Found a bloodstained altar of Trog.
  9750 | D:8      | Identified a scroll of acquirement
  9751 | D:8      | Acquired the amulet of Vofecolu {rElec rF++ Regen+}
  9831 | D:8      | Found a runed translucent gate.
  9832 | D:8      | Found a runed translucent gate.
  9832 | D:8      | Found a runed translucent gate.
  9834 | D:8      | Noticed Caliliti's ghost (novice DEFE)
 10186 | D:8      | Found a glowing silver altar of Zin.
 10186 | D:8      | Found a basalt altar of Yredelemnul.
 10314 | D:9      | Received a gift from Okawaru
 10465 | D:9      | Noticed a two-headed ogre
 10480 | D:9      | Killed a two-headed ogre
 10632 | D:9      | Found a runed translucent gate.
 10632 | D:9      | Found a runed translucent gate.
 10632 | D:9      | Found a runed translucent gate.
 10633 | D:9      | Noticed gggh's ghost (novice SpEn)
 10651 | D:9      | Reached ***** piety under Okawaru
 10792 | D:9      | Noticed a two-headed ogre
 10803 | D:9      | Killed a two-headed ogre
 10823 | D:9      | Noticed a two-headed ogre
 10831 | D:9      | Killed a two-headed ogre
 11340 | D:9      | Found Mong's General Store.
 11344 | D:9      | Found Uptilurch's Specific Store.
 11787 | D:10     | Entered Level 10 of the Dungeon
 11835 | D:10     | Reached skill level 10 in Shields
 11863 | D:10     | Reached XP level 12. HP: 92/92 MP: 18/18
 11946 | D:10     | Found a staircase to the Lair.
 12096 | D:10     | Noticed Nergalle
 12110 | D:10     | Killed Nergalle
 12117 | D:10     | Noticed a two-headed ogre
 12133 | D:10     | Killed a two-headed ogre
 12232 | D:10     | Noticed Snorg
 12245 | D:10     | Killed Snorg
 12826 | D:10     | Noticed a two-headed ogre
 12873 | D:9      | Killed a two-headed ogre
 13094 | D:10     | Noticed a two-headed ogre
 13127 | D:10     | Killed a two-headed ogre
 13128 | D:10     | Reached skill level 11 in Shields
 13634 | D:10     | Reached XP level 13. HP: 93/101 MP: 20/20
 13777 | Lair:1   | Entered Level 1 of the Lair of Beasts
 14516 | Lair:2   | Reached skill level 10 in Invocations
 14530 | Lair:2   | Found a hole to the Spider Nest.
 14631 | Lair:2   | Received a gift from Okawaru
 14642 | Lair:2   | Reached skill level 10 in Fighting
 14766 | Lair:2   | Reached skill level 10 in Armour
 14901 | Lair:2   | Reached skill level 12 in Shields
 15614 | Lair:3   | Noticed a seven-headed hydra
 15623 | Lair:3   | Killed a seven-headed hydra
 15623 | Lair:3   | Identified the +2 robe "Pifrufi" {*Corrode Will++ Regen+
                  | MP+9} (Okawaru gifted it to you on level 3 of the Lair of
                  | Beasts)
 15623 | Lair:3   | Received a gift from Okawaru
 15695 | Lair:3   | Noticed an eight-headed hydra
 15730 | Lair:3   | Killed an eight-headed hydra
 15833 | Lair:3   | Found a staircase to the Swamp.
 15848 | Lair:3   | Reached XP level 14. HP: 110/111 MP: 22/22
 16766 | D:9      | Bought the ring "Gigitat" {rPois rF+ Slay+4} for 1058 gold
                  | pieces
 17020 | Lair:4   | Reached skill level 13 in Shields
 17282 | Lair:5   | Entered Level 5 of the Lair of Beasts
 17348 | Lair:5   | Reached skill level 15 in Axes
 17387 | Lair:5   | Found a staircase to the Slime Pits.
 17388 | Lair:5   | Found a viscous altar of Jiyva.
 17627 | Lair:5   | Found a runed translucent gate.
 17628 | Lair:5   | Found a runed translucent gate.
 17629 | Lair:5   | Found a runed translucent gate.
 17735 | Lair:5   | Reached XP level 15. HP: 69/119 MP: 24/24
 18047 | Lair:5   | Identified the +2 robe "Mullahan" {MP+9 SInv} (Okawaru
                  | gifted it to you on level 5 of the Lair of Beasts)
 18047 | Lair:5   | Received a gift from Okawaru
 18155 | Lair:5   | Reached skill level 14 in Shields
 18447 | Lair:5   | Noticed LeafLetters's ghost (journeyman DrCj)
 19211 | D:11     | Found a flickering gateway to a bazaar.
 19217 | Bazaar   | Entered a bazaar
 19222 | Bazaar   | Found Yfoup's Weapon Shop.
 19223 | Bazaar   | Found Bosoishu's Weapon Boutique.
 19250 | Bazaar   | Found Apeupnom's Book Shoppe.
 19250 | Bazaar   | Found Tufir's Assorted Antiques.
 19276 | Bazaar   | Found Ublawny's Antique Armour Shop.
 19281 | Bazaar   | Bought a glowing tower shield for 165 gold pieces
 19299 | Bazaar   | Found Otyxihamas's Book Boutique.
 19325 | Bazaar   | Bought a +2 triple crossbow of draining for 270 gold pieces
 19662 | D:11     | Reached skill level 1 in Ranged Weapons
 19738 | D:11     | Found an ancient bone altar of Kikubaaqudgha.
 19935 | D:11     | Identified the +0 leather armour of the Trilobite {rF+}
 20163 | D:12     | Found a runed translucent gate.
 20163 | D:12     | Found a runed translucent gate.
 20163 | D:12     | Found a runed translucent gate.
 20163 | D:12     | Noticed Eeriemist's ghost (novice FeSu)
 20164 | D:12     | Found an iron altar of Okawaru.
 20190 | D:12     | Killed Eeriemist's ghost
 20292 | D:12     | Identified the +9 great sword of Equilibrium {heavy, rF+}
 20294 | D:12     | Identified the +3 quick blade of Wrongful Imprisonment
                  | {protect, rF+ Int+4}
 20296 | D:12     | Identified the +1 leather armour "Sozisiun" {Slay+5}
 20437 | D:12     | Identified the +0 pair of gloves "Vuulyut" {rC+ Regen+
                  | Dex+4} (Okawaru gifted it to you on level 12 of the
                  | Dungeon)
 20437 | D:12     | Received a gift from Okawaru
 20465 | D:12     | Found a staircase to the Orcish Mines.
 21145 | D:13     | Reached XP level 16. HP: 129/129 MP: 25/25
 21262 | D:13     | Reached skill level 1 in Long Blades
 21968 | D:14     | Noticed Rupert
 21981 | D:14     | Killed Rupert
 22078 | D:14     | Reached skill level 15 in Shields
 22405 | D:14     | Reached skill level 5 in Ranged Weapons
 22772 | D:14     | Found a gate to the Vaults.
 22953 | D:15     | Entered Level 15 of the Dungeon
 23030 | D:15     | Identified the scarf of Noon {+Inv, Dex+3} (Okawaru gifted
                  | it to you on level 15 of the Dungeon)
 23030 | D:15     | Received a gift from Okawaru
 23247 | D:15     | Found a staircase to the Depths.
 23383 | D:15     | Noticed Josephine
 23898 | D:15     | Killed Josephine
 24411 | Orc:1    | Entered Level 1 of the Orcish Mines
 24528 | Orc:1    | You fall into a shaft and drop 1 floor!
 24528 | Orc:2    | Entered Level 2 of the Orcish Mines
 24676 | Orc:1    | Reached XP level 17. HP: 129/136 MP: 27/27
 24838 | Orc:2    | Found a staircase to the Elven Halls.
 25319 | Orc:2    | Found Xewkof Niph's Book Emporium.
 25319 | Orc:2    | Found Zeth's Magic Scroll Boutique.
 25321 | Orc:2    | Found Urueraut's Antique Armour Shop.
 25323 | Orc:2    | Found Coepn's General Store.
 25328 | Orc:2    | Bought a scroll of enchant weapon for 97 gold pieces
 25335 | Orc:2    | Bought a potion of might for 56 gold pieces
 25335 | Orc:2    | Bought a potion of heal wounds for 70 gold pieces
 25777 | Orc:1    | Found Doclur's Assorted Antiques.
 26081 | Swamp:1  | Entered Level 1 of the Swamp
 26112 | Swamp:1  | Noticed a thorn hunter
 26133 | Swamp:1  | Killed a thorn hunter
 26134 | Swamp:1  | Reached skill level 5 in Long Blades
 26307 | Swamp:1  | Received a gift from Okawaru
 26799 | Swamp:2  | Noticed a thorn hunter
 26810 | Swamp:2  | Killed a thorn hunter
 26891 | Swamp:2  | Reached skill level 16 in Shields
 26930 | Swamp:2  | HP: 5/137 [constriction (20)]
 27005 | Swamp:2  | Found a large runed translucent door.
 27009 | Swamp:2  | Found a large runed translucent door.
 27023 | Swamp:2  | Noticed Veun's ghost (adept DsGl)
 27789 | Swamp:3  | Noticed a thorn hunter
 27810 | Swamp:3  | Killed a thorn hunter
 27834 | Swamp:3  | Noticed a thorn hunter
 27842 | Swamp:3  | Killed a thorn hunter
 28086 | Swamp:3  | Reached XP level 18. HP: 145/145 MP: 28/28
 28147 | Swamp:4  | Entered Level 4 of the Swamp
 28228 | Swamp:3  | Reached skill level 1 in Evocations
 28341 | Swamp:4  | Noticed the 27-headed Lernaean hydra
 28712 | Swamp:4  | Got a decaying rune of Zot
 29001 | Spider:1 | Entered Level 1 of the Spider Nest
 29246 | Spider:1 | Received a gift from Okawaru
 29357 | Spider:1 | Found a hide-covered altar of Uskayaw.
 30061 | Spider:2 | Received a gift from Okawaru
 30293 | Spider:2 | Reached skill level 10 in Ranged Weapons
 30823 | Spider:2 | Reached XP level 19. HP: 110/148 MP: 30/30
 30829 | Spider:2 | Reached skill level 17 in Shields
 31889 | Spider:4 | Entered Level 4 of the Spider Nest
 32091 | Spider:4 | Reached skill level 10 in Long Blades
 32125 | Spider:3 | Identified the +3 ring mail of Bunanuc {rCorr SInv}
                  | (Okawaru gifted it to you on level 3 of the Spider Nest)
 32125 | Spider:3 | Received a gift from Okawaru
 32400 | Spider:4 | Reached skill level 15 in Invocations
 32470 | Spider:4 | Noticed Mara
 32480 | Spider:4 | Noticed chorocmaeul's illusion
 32766 | Spider:4 | Noticed chorocmaeul's illusion
 33117 | Spider:4 | Got a gossamer rune of Zot
 33125 | Spider:4 | Noticed chorocmaeul's illusion
 33130 | Spider:4 | Killed Mara
 33131 | Spider:4 | Reached skill level 15 in Fighting
 33131 | Spider:4 | Reached skill level 15 in Armour
 33575 | Elf:1    | Entered Level 1 of the Elven Halls
 33614 | Elf:1    | Reached XP level 20. HP: 125/161 MP: 31/31
 33655 | Elf:1    | Found Picoo's Magic Scroll Boutique.
 33848 | Elf:1    | Received a gift from Okawaru
 33872 | Elf:1    | Reached skill level 18 in Shields
 33971 | Elf:1    | Found a crumbling gateway.
 33994 | Desolati | Entered the Desolation of Salt
 34084 | Desolati | Found the +12 glaive of Prune {freeze, Prune}
 34104 | Desolati | Identified the staff of death "Viasen" {rN+ Stlth+}
 34225 | Desolati | Identified the +4 leather armour of Nemelex Xobeh's Whim
                  | {rF- rN+ Str+3 Int+8}
 34235 | Desolati | Identified the ring of Ascent {rPois rF++ rN+}
 34270 | Desolati | Identified the +9 halberd of Ingoczuke {antimagic, Contam
                  | rN+ Int-5 Dex+4}
 34297 | Desolati | Received a gift from Okawaru
 34404 | Desolati | Identified the amulet "Jionegut" {Acrobat Str+5 Int+3 Dex-5
                  | SInv}
 34419 | Desolati | Identified the +11 great sword "Yholline" {antimagic,
                  | *Noise rF+ rN+}
 34499 | Desolati | Found the +8 mithril axe "Arga" {speed, Will+}
 34572 | Desolati | Identified the +3 robe "Plog" {-Tele Dex+7 Stlth+}
 34703 | Desolati | Reached XP level 21. HP: 140/170 MP: 30/33
 34945 | Desolati | Got Yplabb's Compendium of the Brumal Jinx
 35101 | Elf:1    | Bought a scroll of acquirement for 520 gold pieces
 35101 | Elf:1    | Bought a scroll of magic mapping for 75 gold pieces
 35101 | Elf:1    | Bought a scroll of silence for 95 gold pieces
 35101 | Elf:1    | Bought a scroll of magic mapping for 75 gold pieces
 35101 | Elf:1    | Bought a scroll of magic mapping for 75 gold pieces
 35509 | Elf:1    | Acquired the +7 plate armour "Ciq Ruja" {rPois Will+ rCorr}
 35923 | Elf:1    | Reached skill level 19 in Shields
 35923 | Elf:1    | Reached XP level 22. HP: 178/178 MP: 34/34
 36195 | Elf:2    | Identified the +3 leather armour "Irobb" {Str+3}
 36311 | Elf:2    | Found a runed translucent gate.
 36312 | Elf:2    | Found a runed translucent gate.
 36312 | Elf:2    | Found a runed translucent gate.
 36866 | Elf:3    | Entered Level 3 of the Elven Halls
 36921 | Elf:3    | Received a gift from Okawaru
 37657 | Elf:3    | Identified the staff of air "Taacem" {rElec rF++ rCorr}
 37669 | Elf:3    | Identified the +6 long sword of Jigal {flame, rCorr}
                  | (Okawaru gifted it to you on level 3 of the Elven Halls)
 37669 | Elf:3    | Received a gift from Okawaru
 37674 | Elf:3    | Reached XP level 23. HP: 186/186 MP: 30/35
 37712 | Elf:3    | Identified the +0 triple sword of the Bedazzling Gods
                  | {flame, Str+6 Dex-3 SInv}
 37712 | Elf:3    | Identified the ring of Eternal Night {rPois AC+4}
 37800 | Elf:3    | Found the +5 glaive of the Guard {elec, spectral, AC+5}
 37817 | Elf:3    | Identified the +1 troll leather armour "Wyed Fuw" {rN++
                  | Will- Regen+}
 37825 | Elf:3    | Identified the staff of cold "Nooviru" {rElec rC+}
 37847 | Elf:3    | Identified the +6 longbow of the Seven Suns {drain, rElec
                  | Int+3 Dex-4}
 37856 | Elf:3    | Identified the +10 mace "Releumong" {heavy, Drain rElec
                  | rN++ rCorr}
 38250 | Vaults:1 | Entered Level 1 of the Vaults
 38396 | Vaults:1 | Noticed Asterion
 38408 | Vaults:1 | Killed Asterion
 38409 | Vaults:1 | Reached skill level 20 in Shields
 38689 | Vaults:1 | Received a gift from Okawaru
 38921 | Vaults:1 | Identified the +2 shortbow of Optimality {elec, rF+ rN+}
 38939 | Vaults:1 | Noticed Nikola
 38954 | Vaults:1 | Killed Nikola
 38998 | Vaults:1 | Found Edynil's Antique Weapon Emporium.
 39650 | Vaults:2 | Found the +7 Throatcutter {drain, coup de grace}
 40695 | Vaults:2 | Reached XP level 24. HP: 197/197 MP: 36/36
 40728 | Vaults:2 | Found a staircase to the Crypt.
 40980 | Vaults:3 | Identified the +5 tower shield "Feppod" {*Corrode Regen+
                  | Str+3 Dex+4} (Okawaru gifted it to you on level 3 of the
                  | Vaults)
 40980 | Vaults:3 | Received a gift from Okawaru
 41321 | Vaults:3 | Reached skill level 21 in Shields
 41622 | Vaults:3 | Found Waippya's Antique Armour Shoppe.
 42300 | Vaults:4 | Identified the +2 cloak "Qomokopp" {MP+9} (Okawaru gifted
                  | it to you on level 4 of the Vaults)
 42300 | Vaults:4 | Received a gift from Okawaru
 42570 | Vaults:4 | Identified the +5 ring mail "Pion" {Int+2 Dex+4}
 42585 | Vaults:4 | Identified the +0 mace "Stringbean" {heavy, Int+2 SInv}
 42630 | Vaults:4 | Found a transporter.
 42632 | Vaults:4 | Noticed Moagi's ghost (adept GnSk)
 42634 | Vaults:4 | Found a bloodstained altar of Trog.
 42637 | Vaults:4 | Found a transporter.
 42646 | Vaults:4 | Reached XP level 25. HP: 205/205 MP: 37/37
 42672 | Vaults:4 | Killed Moagi's ghost
 42962 | Vaults:4 | Found Buamogh's Jewellery Boutique.
 43305 | Vaults:5 | Entered Level 5 of the Vaults
 43428 | Vaults:5 | Reached skill level 22 in Shields
 43443 | Vaults:5 | Noticed a dread lich
 43494 | Vaults:5 | Noticed a dread lich
 43507 | Vaults:5 | Killed a dread lich
 43512 | Vaults:5 | Killed a dread lich
 43523 | Vaults:5 | HP: 8/205 [quicksilver dragon (3)]
 43523 | Vaults:5 | HP: 2/205 [quicksilver dragon (6)]
 43728 | Vaults:5 | Identified the +9 glaive of Analysis {protect, rPois rN+
                  | Dex-4}
 43737 | Vaults:5 | Reached XP level 26. HP: 211/214 MP: 38/38
 43818 | Vaults:5 | Identified the ring "Zahuij" {rF+ Will+ SInv}
 43829 | Vaults:5 | Identified the +4 chain mail of Laoth {Will+ Int+2}
 44007 | Vaults:5 | Identified the staff of death "Gewun" {+Blink rN+ Will-
                  | rCorr}
 44257 | Vaults:5 | Got a silver rune of Zot
 45099 | Lair:1   | Acquired the +8 double sword of Ravage {chaos, rF+}
 45222 | Slime:1  | Entered Level 1 of the Pits of Slime
 45226 | Slime:1  | You fall into a shaft and drop 1 floor!
 45278 | Slime:4  | You fall into a shaft and drop 1 floor!
 45278 | Slime:5  | Entered Level 5 of the Pits of Slime
 45292 | Slime:5  | Identified the +1 pair of boots of Repulsion {rPois Regen+
                  | rCorr} (Okawaru gifted it to you on level 5 of the Pits of
                  | Slime)
 45292 | Slime:5  | Received a gift from Okawaru
 45435 | Slime:5  | Found a viscous altar of Jiyva.
 45436 | Slime:5  | Noticed the Royal Jelly
 45469 | Slime:5  | Killed the Royal Jelly
 45505 | Slime:5  | Identified the ring "Vegawueg" {rC+ Int+6}
 45520 | Slime:5  | Got a slimy rune of Zot
 45547 | Slime:5  | Got Sif Muna's Exposition on Transposed Malisons
 45569 | Slime:5  | Identified the ring of the Kangaroo {+Blink rF+ rN+ Will-
                  | Stlth+}
 45621 | Slime:5  | Got Juhek Guto's Incunabulum of Nightshade
 45628 | Slime:5  | Identified the +0 plate armour of Ecalosoi {+Blink rF-
                  | Will+ rCorr}
 45727 | Slime:5  | Noticed Dissolution
 45734 | Slime:5  | Killed Dissolution
 45735 | Slime:5  | Reached skill level 23 in Shields
 46399 | Slime:1  | Gained mutation: Your body sometimes deteriorates upon
                  | taking damage. [a shining eye]
 46743 | Depths:1 | Entered Level 1 of the Depths
 46782 | Depths:1 | Reached skill level 15 in Ranged Weapons
 46817 | Depths:1 | Found a runed translucent door.
 46867 | Depths:1 | Reached XP level 27. HP: 209/224 MP: 37/38
 46915 | Depths:1 | Found a one-way gate to the infinite horrors of the Abyss.
 46940 | Depths:1 | Identified the +2 ring mail "Maejunux" {Fly Int+4}
 47026 | Depths:1 | Found a one-way gateway to a ziggurat.
 47179 | Depths:1 | Found a gateway to Hell.
 47240 | Depths:1 | Found a one-way gate leading to the halls of Pandemonium.
 47244 | Depths:1 | Gained mutation: You are clumsy. (Dex -2) [a neqoxec]
 47427 | Depths:2 | Noticed Vv
 47444 | Depths:2 | Killed Vv
 47637 | Depths:2 | Identified the +17 plate armour of Istecs {rF- Will++}
                  | (Okawaru gifted it to you on level 2 of the Depths)
 47637 | Depths:2 | Received a gift from Okawaru
 47961 | Depths:2 | Reached skill level 24 in Shields
 47965 | Depths:2 | You fall into a shaft and drop 1 floor!
 48020 | Depths:3 | Found Jivimuedu's Magic Scroll Shoppe.
 48023 | Depths:3 | Found a corrupted altar of Lugonu.
 48028 | Depths:3 | Bought a scroll of silence for 114 gold pieces
 48028 | Depths:3 | Bought a scroll of magic mapping for 90 gold pieces
 48028 | Depths:3 | Bought a scroll of silence for 114 gold pieces
 48028 | Depths:3 | Bought a scroll of enchant armour for 90 gold pieces
 48097 | Depths:3 | Found Wacih's Assorted Antiques.
 48124 | Depths:3 | Noticed Jory
 48138 | Depths:3 | Killed Jory
 48164 | Depths:3 | Noticed the Enchantress
 48189 | Depths:3 | Killed the Enchantress
 48365 | Depths:3 | Noticed Parghit
 48396 | Depths:3 | Killed Parghit
 48479 | Depths:3 | Identified the +10 great sword "Amoypnoa" {heavy, *Slow
                  | +Blink rPois Stlth+}
 48656 | Depths:3 | Found a shimmering blue altar of Sif Muna.
 48852 | Depths:3 | Noticed a juggernaut
 48852 | Depths:3 | Identified the +4 rapier "Josoinlivi" {heavy, rElec rF-
                  | rN+}
 48865 | Depths:3 | Killed a juggernaut
 48982 | Depths:4 | Entered Level 4 of the Depths
 48982 | Depths:4 | Found Goudwec's Antique Armour Boutique.
 49023 | Depths:4 | Found Bomap's Armour Shop.
 49140 | Depths:4 | Found a gate to the Realm of Zot.
 49206 | Depths:4 | Received a gift from Okawaru
 49841 | Depths:4 | Found Luicax's Antique Armour Shop.
 49852 | Depths:4 | Found Keuff's Book Shop.
 49854 | Depths:4 | Found Sirghim's Magic Scroll Emporium.
 49862 | Depths:4 | Bought a scroll of enchant weapon for 120 gold pieces
 50719 | Depths:2 | Identified the +3 dire flail of Acutowkesy {protect, Will+}
 50801 | Zot:1    | Entered Level 1 of the Realm of Zot
 50805 | Zot:1    | You fall into a shaft and drop 1 floor!
 50808 | Zot:2    | You fall into a shaft and drop 2 floors!
 50811 | Zot:4    | You fall into a shaft and drop 1 floor!
 50811 | Zot:5    | Entered Level 5 of the Realm of Zot
 50827 | Zot:5    | Noticed an ancient lich
 50829 | Zot:5    | Noticed an ancient lich
 50831 | Zot:5    | Noticed a Killer Klown
 50832 | Zot:5    | Noticed a Killer Klown
 50833 | Zot:5    | Noticed an orb of fire
 50838 | Zot:5    | Noticed a dread lich
 50850 | Zot:5    | Gained mutation: You are frail. (-10% HP) [an orb of fire]
 50854 | Zot:5    | Killed an ancient lich
 50855 | Zot:5    | Killed an orb of fire
 50857 | Zot:5    | Killed a Killer Klown
 50857 | Zot:5    | Killed a Killer Klown
 50860 | Zot:5    | Killed an ancient lich
 50861 | Zot:5    | Reached skill level 25 in Shields
 50864 | Zot:5    | Killed a dread lich
 50886 | Arena    | Entered the Arena
 50905 | Zot:5    | Noticed an orb of fire
 50911 | Zot:5    | Received a gift from Okawaru
 50916 | Zot:5    | Noticed an orb of fire
 50919 | Zot:5    | Noticed a Killer Klown
 50924 | Zot:5    | Killed an orb of fire
 50925 | Zot:5    | Noticed a Killer Klown
 50928 | Zot:5    | Killed an orb of fire
 50934 | Zot:5    | Noticed an ancient lich
 50935 | Zot:5    | Killed a Killer Klown
 50937 | Zot:5    | Killed a Killer Klown
 50939 | Zot:5    | Noticed an ancient lich
 50951 | Zot:5    | Killed an ancient lich
 50953 | Zot:5    | Killed an ancient lich
 50998 | Zot:5    | Noticed an ancient lich
 51117 | Zot:5    | Got the Orb of Zot
 51147 | Zot:5    | Received a gift from Okawaru
 51191 | Zot:5    | Killed an ancient lich
 51273 | Zot:2    | You fall into a shaft and drop 2 floors!
 51406 | Arena    | Entered the Arena
 51685 | Zot:1    | Reached skill level 26 in Shields
 51766 | Depths:4 | Noticed Toukuhiety the pandemonium lord
 52081 | D:6      | Noticed Beroinlu the pandemonium lord
 52102 | D:6      | Noticed Vaucus the pandemonium lord
 52185 | D:3      | Noticed a seraph
 52194 | D:3      | Identified the +4 tower shield "Apenang" {Str+2 Int+4
                  | Dex-3}
 52271 | D:$      | Escaped with the Orb!

Illustrated notes

Levels and vault maps discovered:
D:1:      psy_arrival_radial01, layout_basic, kennysheep_flooded_box
D:2:      layout_basic
D:3:      layout_rooms, lemuel_tele_altar, serial_shops, nicolae_lakefront_shop
D:4:      layout_loops_corners, lemuel_temple_firewalk_b, uniq_menkaure
D:5:      layout_gridville, grunt_temple_overflow_lords_of_destruction,
          gup_sewer_entry_bowl, uniq_duvessa
D:6:      layout_rooms, feat_on_display
D:7:      layout_rooms, serial_co_window_serial, co_window_paths_a,
          co_window_of_opportunity_a, co_window_corner_a, co_window_corner_a,
          co_window_corner_a, co_window_broadway_c, co_window_of_opportunity_b,
          co_window_broadway_c, co_window_2corner, co_window_broadway_b,
          co_window_paths_c, glass_columns_b, glass_columns_a, glass_columns_a,
          glass_columns_c, glass_columns_c, chequers_serial_rivers_micro_b,
          uniq_prince_ribbit1
D:8:      layout_loops_corners, nicolae_uskayaw_murder_on_the_dancefloor,
          trog_book, gammafunk_temple_overflow_elements,
          gammafunk_ghost_necromancy, dilly_guarded_unrand_elemental_staff,
          uniq_amaemon, uniq_maggie
D:9:      layout_layer_cave, gammafunk_ghost_nasty_kobolds,
          minmay_misc_feat_square, nicolae_specific_store
D:10:     lemuel_castle_with_subvaults [lemuel_castle_interior_carwin_3],
          layout_irregular_city, erik_lair_orcish_takeover,
          hangedman_abyss_or_decor_clamps, minmay_misc_feat_alley,
          kennysheep_generic_room_11, uniq_nergalle, uniq_snorg
D:11:     layout_basic, serial_shops, bzr_entry_safe, kiku_gazebo_pond_becter
D:12:     layout_grid_maze, orc_0_dummy, gammafunk_ghost_fury_of_okawaru
D:13:     layout_loops_ring
D:14:     layout_layer_cave, david_vaults_4, kennysheep_nondescript, uniq_rupert
D:15:     gammafunk_enter_depths_forms, layout_gridville, uniq_josephine
Temple:   regret_index_temple_waves
Lair:1:   layout_regular_city, grunt_megastairs_1
Lair:2:   layout_misc_corridors, spider_nest_entry_rubble,
          kennysheep_abandoned_house, infiniplex_staircase_pool
Lair:3:   layout_chaotic_city, minmay_swamp_entry_worms, st_stairs_6
Lair:4:   layout_roguey, eino_small_chamber_without_monster, minivault_24,
          lemuel_fruit_tree
Lair:5:   hangedman_lair_caniforms_friends, layout_regular_city,
          hangedman_lair_tendril_chambers, minmay_slime_entry_pillars,
          gammafunk_ghost_icy, amcnicky_mini_pool_medium
Swamp:1:  layout_basic_swamp, nicolae_swamp_tree_isthmus
Swamp:2:  layout_basic_swamp, ebering_ghost_disaster_area,
          evilmike_swamp_ruin_rubble_1
Swamp:3:  nicolae_swamp_phyte_club, layout_basic_swamp,
          evilmike_swamp_ruin_house_4
Swamp:4:  swamp_alternative, layout_basic_swamp, swamp_pool1,
          nicolae_swamp_trees_clearing, worms_lemuel
Spider:1: layout_cave_pods, nicolae_spider_altar_of_dancing
Spider:2: layout_spider_delve, nicolae_spider_moth_buddies
Spider:3: spiders_nest_scorpion_pit
Spider:4: grunt_spider_rune_island, nicolae_orb_stairs, uniq_mara
Slime:1:  layout_caves
Slime:2:  layout_caves, nicolae_slime_round_cave
Slime:3:  layout_caves
Slime:4:  layout_caves
Slime:5:  uniq_dissolution
Orc:1:    layout_caves, guppyfry_orc_lava_fort
Orc:2:    st_orc_rangers, layout_caves, uniq_sonja
Elf:1:    layout_loops_cross, portal_desolation_entry_nicolae_nacl,
          serial_shops, shop, minmay_elf_sorcery, grunt_ministairs_5
Elf:2:    nicolae_elf_blades_crystal_corner, layout_geoelf_grid
Elf:3:    grunt_elf_hall_asides, layout_geoelf_diagonals
Vaults:1: hangedman_vaults_stitches, nicolae_vaults_meeting, serial_ice_b,
          nicolae_vaults_closet_pinwheel_3, v_misc_9,
          nicolae_vaults_trapezoid_lopsided_1, v_misc_25,
          nicolae_vaults_trapezoid_lopsided_4, v_misc_12,
          grunt_vaults_hallway_short, ontoclasm_vaults_chip,
          nicolae_vaults_two_Ls, v_misc_17, nicolae_vaults_tetromino_T_1,
          layout_vaults_quadrants, serial_shops, shop, uniq_nikola,
          uniq_asterion
Vaults:2: nicolae_vaults_stairing_the_circle, nicolae_vaults_trapezoid_1,
          nicolae_vaults_circle_grid_b, nicolae_vaults_network_square,
          nicolae_vaults_tangram_1, v_misc_30, grunt_vaults_hallway_short,
          nicolae_vaults_triangles, nicolae_vaults_house_1,
          minmay_crypt_entry_skeletal_spiral, ontoclasm_vaults_loading_screen,
          vaults_standard_mumra_lines, layout_vaults_omnibox
Vaults:3: nicolae_vaults_house_2, grunt_vaults_diagonal, nicolae_vaults_house_3,
          v_pattern_5, nicolae_vaults_sealed_display, vaults_mumra_hexcomb,
          nicolae_vaults_lightning_bolt, v_misc_23,
          nicolae_vaults_surprise_closet, nicolae_vaults_shipping_containers_5,
          ontoclasm_vaults_hangar, hangedman_vaults_restitches, v_rooms_3,
          layout_vaults_maze, serial_shops, shop
Vaults:4: gammafunk_ghost_wrathful_warriors, nicolae_vaults_weapon_check,
          v_rooms_1, nicolae_vaults_shipping_containers_3, v_misc_22,
          nicolae_vaults_windows_and_doors_thing,
          ontoclasm_vaults_decontamination, nicolae_vaults_surprise_closet,
          ontoclasm_vaults_twist, nicolae_vaults_trapezoid_2,
          nicolae_vaults_tetromino_T_1, nicolae_vaults_more_shelving_2,
          vaults_room_fours, layout_vaults_omnicross, serial_shops,
          nicolae_shop_tiny_waterfront
Vaults:5: serial_shops
Depths:1: layout_cave_pools, enter_ziggurat_e, abyss_entry,
          reono_crystal_passage, hangedman_coc_ice_floe, rand_demon_pan_entry_1,
          serial_bayou_pond_d, minmay_misc_feat_rows, kennysheep_treasure_room
Depths:2: minmay_big_diamond_grid, layout_basic, rand_demon_pan_entry_8,
          hell_entry, uniq_vv
Depths:3: hangedman_arrow_trap, layout_cave_shapes, serial_bayou,
          serial_bayou_lagoon_a, serial_bayou_pond_b, serial_bayou_pond_a,
          serial_bayou_lake_a, abyss_entry_flame_altar, serial_shops,
          nicolae_shop_just_a_little_nook, nicolae_inconvenience_store,
          hell_entry, led_sif_pool, infiniplex_staircase_pool_1,
          serial_bayou_shore_b, uniq_jory, uniq_enchantress, uniq_margery,
          uniq_parghit
Depths:4: grunt_crosshair, layout_gridlike, grunt_hell_entry_dis_mu,
          serial_aquarium, aquarium_bridge_long_joined [aquarium_subvault_wall,
          aquarium_subvault_bridge, aquarium_subvault_wall,
          aquarium_subvault_wall, aquarium_subvault_wall,
          aquarium_subvault_bridge], aquarium_bridge_square
          [aquarium_subvault_wall, aquarium_subvault_bridge,
          aquarium_subvault_bridge, aquarium_subvault_window],
          aquarium_window_fake, aquarium_window_corner, aquarium_view_2a,
          aquarium_view_2a, aquarium_balcony_3b,
          nicolae_concentric_dashed_squares_mild, serial_shops, shop, shop,
          shop, nicolae_shop_tiny_waterfront, shop
Zot:1:    nicolae_zot_stationary_front, layout_basic, skrybe_zot_glass_3
Zot:2:    lemuel_draconian_sentries_small, layout_misc_corridors
Zot:3:    layout_gridlike
Zot:4:    layout_concentric_octagons, skrybe_zot_glass_1, grunt_megastairs_2
Zot:5:    layout_onion

Skill      XL: |  1  2  3  4  5  6  7  8  9 10 11 12 13 14 15 16 17 18 19 20 21 22 23 24 25 26 27 |
---------------+----------------------------------------------------------------------------------+-----
Axes           | 3 4 5 6 7 8 9 10 11 13 14 15 16 17 18 19 21 | 21.9
Invocations    | 1 2 3 5 6 8 9 10 12 13 14 15 16 17 19 20 22 | 22.6
Fighting       | 4 6 7 8 9 10 11 12 13 14 15 16 17 18 19 20 22 | 22.4
Armour         | 4 6 7 8 9 10 11 12 13 14 15 16 17 18 19 20 22 | 22.4
Shields        | 6 7 8 10 11 12 13 14 15 16 17 18 19 20 21 22 23 26 | 26.1
Ranged Weapons | 2 6 8 10 11 12 13 15 20 | 20.4
Long Blades    | 3 7 9 10 | 10.7
Evocations     | 3 |  3.4

Action                     |  1- 3 |  4- 6 |  7- 9 | 10-12 | 13-15 | 16-18 | 19-21 | 22-24 | 25-27 || total
---------------------------+-------+-------+-------+-------+-------+-------+-------+-------+-------++-------
  Melee: War axe           |    96 |    78 |     2 |       |       |       |       |       |       ||   176
         Broad axe         |       |       |   142 |       |       |       |       |       |       ||   142
         Battleaxe         |       |       |   140 |   535 |   129 |       |       |       |       ||   804
         Executioner's axe |       |       |       |       |   854 |  1428 |   752 |  1417 |  2110 ||  6561
         Demon whip        |       |       |       |       |    24 |    44 |       |       |       ||    68
   Fire: Triple crossbow   |       |       |       |       |       |     9 |       |       |       ||     9
  Throw: Dart              |       |       |       |    41 |       |       |       |       |       ||    41
         Boomerang         |       |       |       |    18 |       |       |       |       |       ||    18
         Throwing net      |       |       |       |     4 |       |       |       |       |       ||     4
 Invoke: Heroism           |       |       |     4 |    26 |    30 |    29 |    27 |    28 |    39 ||   183
         Finesse           |       |       |       |       |       |       |     1 |     1 |    11 ||    13
         Duel              |       |       |       |       |       |       |       |       |     2 ||     2
Ability: Dig               |       |       |       |     1 |     1 |     3 |     3 |     1 |       ||     9
         Shaft Self        |       |       |       |       |       |       |       |       |     5 ||     5
  Evoke: Wand              |       |     1 |     4 |    14 |       |       |       |     2 |     5 ||    26
    Use: Potion            |       |     2 |     2 |     1 |       |     4 |     5 |       |    22 ||    36
         Scroll            |       |       |     9 |     7 |     8 |    14 |     3 |       |    20 ||    61
   Stab: Petrified         |       |       |       |       |     5 |       |       |       |       ||     5
         Distracted        |       |       |       |       |       |       |     1 |       |       ||     1
         Invisible         |       |       |       |       |       |       |       |       |     6 ||     6
 Armour: Scale mail        |    53 |    12 |       |       |       |       |       |       |       ||    65
         Chain mail        |       |    22 |   153 |    52 |       |   446 |   353 |       |       ||  1026
         Plate armour      |       |       |       |   185 |   468 |   225 |     1 |   413 |   883 ||  2175
         Crystal plate arm |       |       |       |       |       |       |     4 |       |       ||     4
  Dodge: Dodged            |    46 |    46 |   169 |   175 |   278 |   377 |   227 |   226 |   416 ||  1960
  Block: Buckler           |    25 |    25 |    99 |   148 |       |       |       |       |       ||   297
         Kite shield       |       |       |       |    35 |   620 |       |       |       |       ||   655
         Tower shield      |       |       |       |       |    98 |  1883 |  1041 |  1309 |  2318 ||  6649
